 Dungeon Crawl Stone Soup version 0.21.1-1-g345015f (webtiles) character file.

3415 Fang the Cleaver (level 10, 0/63 HPs)
             Began as a Gargoyle Berserker on May 25, 2018.
             Was an Elder of Trog.
             Slain by a demonic crawler (8 damage)
             ... summoned by a deep elf mage
             ... on level 7 of the Dungeon on May 27, 2018.
             The game lasted 00:12:47 (6787 turns).

Fang the Cleaver (Gargoyle Berserker)               Turns: 6787, Time: 00:12:48

Health: 0/63       AC: 10    Str: 23 (24) XL:     10   Next: 5%
Magic:  10/10      EV: 16    Int:  8 (11) God:    Trog [****..]
Gold:   346        SH: 16    Dex:  8 (9)  Spells: 9/9 levels left

rFire    . . .     SeeInvis .   q - +1 hand axe (chop)
rCold    . . .     Gourm    .   b - +6 buckler of the Pit {MR+ rCorr Int+3}
rNeg     + . .     Faith    .   t - +1 robe of the Stallion {rElec MR- Regen+}
rPois    ∞         Spirit   .   (no helmet)
rElec    +         Reflect  +   (no cloak)
rCorr    +         Harm     .   (no gloves)
MR       .....                  (no boots)
Stlth    ++........             A - +6 amulet of reflection
HPRegen  0.60/turn              h - +2 ring of evasion
MPRegen  0.12/turn              (no ring)

@: berserk cooldown, drained
A: negative energy resistance 1, electricity resistance, unbreathing,
petrification resistance, rot immunity, AC +7
a: Berserk, Trog's Hand, Brothers in Arms, Burn Spellbooks, Renounce Religion


You were on level 7 of the Dungeon.
You worshipped Trog.
Trog was greatly pleased with you.
You were near starving.

You visited 2 branches of the dungeon, and saw 8 of its levels.
You also visited: Sewer.

You collected 346 gold pieces.

Inventory:

Hand Weapons
 q - a +1 hand axe of chopping (weapon)
 s - the +5 falchion "Nuoxeo" {antimagic, rPois rF+ Str+2 Stlth-}
   (You found it on level 4 of the Dungeon)

   It reduces the magical energy of the wielder, and disrupts the spells and
   magical abilities of those hit.
   Natural abilities and divine invocations are not affected.
   It affects your strength (+2).
   It protects you from fire.
   It protects you from poison.
   It makes you less stealthy.
Armour
 b - the +6 buckler of the Pit (worn) {MR+ rCorr Int+3}
   (You found it on level 5 of the Dungeon)

   It affects your intelligence (+3).
   It affects your resistance to hostile enchantments.
   It protects you from acid and corrosion.
 e - a +5 ring mail
 t - the +1 robe of the Stallion (worn) {rElec MR- Regen+}
   (You found it on level 4 of the Dungeon)

   It insulates you from electricity.
   It affects your resistance to hostile enchantments.
   It increases your rate of regeneration.
Jewellery
 h - a +2 ring of evasion (left hand)
 A - a +6 amulet of reflection (around neck)
 E - an uncursed amulet of faith {unknown}
Wands
 y - a wand of iceblast (5)
Scrolls
 g - a scroll of magic mapping
 i - a scroll of fear
 u - a scroll of blinking
 w - 2 scrolls of remove curse
Potions
 f - 8 potions of curing
 k - a potion of haste {unknown}
 l - 3 potions of agility {unknown}
 m - a potion of lignification {unknown}
 n - a potion of resistance
 o - a potion of berserk rage {unknown}
 p - 4 potions of heal wounds {unknown}
 r - 4 potions of might {unknown}
 v - 2 potions of brilliance {unknown}
 x - a potion of flight {unknown}
 B - a potion of ambrosia {unknown}
Comestibles
 c - 7 rations


   Skills:
 + Level 7.2(6.9) Fighting
 + Level 9.0(8.8) Axes
 + Level 2.4(2.1) Armour
 + Level 5.6(5.4) Dodging
 + Level 3.2(3.0) Stealth
 + Level 4.6(4.3) Shields


You had 9 spell levels left.
You didn't know any spells.

Dungeon Overview and Level Annotations

Branches:
Dungeon (7/15)             Temple (1/1) D:5

Altars:
Ashenzari
Cheibriados
Fedhas
Gozag
Hepliaklqana
Kikubaaqudgha
Makhleb
Nemelex Xobeh
Okawaru
Qazlal
Ru
Sif Muna
Trog
Uskayaw
Vehumet
Wu Jian
Xom
Yredelemnul
Zin
The Shining One


Innate Abilities, Weirdness & Mutations

You are resistant to torment.
Your stone body is resilient. (AC +7)
You are immune to poison.
You resist negative energy. (rN+)
You are resistant to electric shocks. (rElec)
You can survive without breathing.
You are immune to petrification.
You are immune to rotting.


Message History

The deep elf mage blinks!
The demonic crawler hits you.
* * * LOW HITPOINT WARNING * * *
The demonic crawler misses you. The demonic crawler barely misses you.
You fade into invisibility!
The demonic crawler hits you but does no damage.
The demonic crawler misses you.
The demonic crawler hits you but does no damage.
You block the demonic crawler's attack. The demonic crawler misses you.
The demonic crawler hits you.
* * * LOW HITPOINT WARNING * * *
You are very lightly contaminated with residual magic.
It was a potion of cancellation.
Your magical effects are unravelling.
You feel magically purged.
Your magical contamination has completely faded away.
You feel yourself speed up.
You flicker back into view.
The deep elf mage seems to regain its courage.
The hell rat twitches its whiskers.
You block the demonic crawler's attack. The demonic crawler hits you!
You die... ##.##.##.................# #.##.##.##############...# #.##.##.# e . #.# ..# #..#.##.# J# #. ##.# .# ##.#.##.## #[ )# #.###..# #...##..# #Z#[# ##.#.##.# ... ##......## sTr

#.##..#.. ...#
#.......# #s#
##.#..[##.# ...#
#.....#.# #@#
#.##)...#.. ...#
##>...# .
#.###.#.(...##.###
...# #.####
#.##.##.######...#
...# #.####
#.##.........##...
...####....#
#.#.#######.#.#.##
...........#
##.#.#.#.#.##.#..#
...####........
##.#.#.#.###.##.#
...........##..
##.#.#.###...#).
...####....# #
#.#.#.#.##...##.


You could see a demonic crawler, a deep elf mage, a troll, a redback, a hell
rat, a jelly and an adder skeleton.

Vanquished Creatures
  Pikel (D:6)
  The ghost of phillymost the Cudgeler, a novice MiFi (D:5)
  Sigmund (D:6)
  Menkaure (D:4)
  An ice beast (D:5)
  4 slaves
  A black bear (D:7)
  3 ogres
  2 centaurs (D:7)
  3 big kobolds
  A wyvern zombie (D:6)
  A bullfrog (D:7)
  11 killer bees
  A crimson imp (D:7)
  A bullfrog zombie (D:7)
  3 hounds
  A jelly (D:6)
  A bullfrog skeleton (D:5)
  5 orc wizards
  3 iguanas
  7 worker ants
  A hound zombie (D:7)
  A worker ant zombie (D:5)
  3 gnolls (D:3)
  A howler monkey skeleton (D:4)
  10 adders
  5 river rats (Sewer)
  An ooze (Sewer)
  A worm (D:2)
  An adder skeleton (D:7)
  A dart slug (D:1)
  9 leopard geckos
  20 orcs
  4 bats
  6 giant cockroaches
  5 goblins
  8 hobgoblins
  4 jackals (D:2)
  4 quokkas
  4 ball pythons (Sewer)
  5 frilled lizards
  20 kobolds
  27 rats
194 creatures vanquished.

Vanquished Creatures (others)
  An orc (D:7)
1 creature vanquished.

Grand Total: 195 creatures vanquished

Notes
Turn   | Place    | Note
-------+----------+-------------------------------------------
     0 | D:1      | Fang the Gargoyle Berserker began the quest for the Orb.
     0 | D:1      | Reached XP level 1. HP: 14/14 MP: 1/1
   234 | D:1      | Reached XP level 2. HP: 17/19 MP: 2/2
   613 | D:2      | Found a stormy altar of Qazlal.
   640 | D:2      | Reached skill level 3 in Axes
   747 | D:2      | Reached XP level 3. HP: 13/24 MP: 3/3
  1173 | D:2      | Reached XP level 4. HP: 18/29 MP: 4/4
  1697 | D:2      | Reached ** piety under Trog
  2058 | D:3      | Reached skill level 4 in Axes
  2249 | D:3      | Reached XP level 5. HP: 26/33 MP: 5/5
  2333 | D:3      | Reached skill level 1 in Stealth
  3071 | D:4      | Noticed an ogre
  3076 | D:4      | Killed an ogre
  3076 | D:4      | Reached XP level 6. HP: 21/39 MP: 6/6
  3369 | D:4      | Noticed Menkaure
  3379 | D:4      | Reached skill level 5 in Axes
  3384 | D:4      | Reached *** piety under Trog
  3390 | D:4      | Killed Menkaure
  3390 | D:4      | Reached XP level 7. HP: 44/44 MP: 7/7
  3503 | D:4      | Found an opulent altar of Gozag.
  3504 | D:4      | Found a sparkling altar of Nemelex Xobeh.
  3521 | D:4      | Reached skill level 5 in Fighting
  3892 | D:4      | Got a crude falchion
  3893 | D:4      | Identified the +5 falchion "Nuoxeo" {antimagic, rPois rF+ Str+2 Stlth-} (You found it on level 4 of the Dungeon)
  4028 | D:4      | Got an ancient robe
  4039 | D:4      | Identified the +1 robe of the Stallion {rElec MR- Regen+} (You found it on level 4 of the Dungeon)
  4292 | D:5      | Entered Level 5 of the Dungeon
  4319 | D:5      | Reached skill level 6 in Axes
  4538 | D:5      | Noticed phillymost's ghost (novice MiFi)
  4544 | D:5      | Reached XP level 8. HP: 50/50 MP: 8/8
  4560 | D:5      | Killed phillymost's ghost
  4560 | D:5      | Reached skill level 7 in Axes
  4593 | D:5      | Found a staircase to the Ecumenical Temple.
  4619 | D:5      | Got a fine buckler
  4625 | D:5      | Identified the +6 buckler of the Pit {MR+ rCorr Int+3} (You found it on level 5 of the Dungeon)
  4632 | Temple   | Entered the Ecumenical Temple
  4977 | D:6      | Noticed Sigmund
  4982 | D:6      | Noticed Pikel
  5022 | D:6      | Killed Pikel
  5022 | D:6      | Reached skill level 8 in Axes
  5022 | D:6      | Reached skill level 1 in Shields
  5022 | D:6      | Reached XP level 9. HP: 46/56 MP: 9/9
  5139 | D:6      | Killed Sigmund
  5139 | D:6      | Reached skill level 5 in Dodging
  5192 | D:6      | Found a glowing drain.
  5207 | Sewer    | Entered a sewer
  5373 | Sewer    | Reached **** piety under Trog
  5727 | D:6      | Found an ornate altar of the Wu Jian Council.
  5918 | D:6      | Found a deep blue altar of Sif Muna.
  6423 | D:7      | Found a shattered altar of Ashenzari.
  6665 | D:7      | Reached skill level 9 in Axes
  6754 | D:7      | Noticed a troll
  6757 | D:7      | Noticed a deep elf mage
  6760 | D:7      | Reached XP level 10. HP: 63/63 MP: 10/10
  6787 | D:7      | Slain by a demonic crawler

Skill      XL: |  1  2  3  4  5  6  7  8  9 |
---------------+----------------------------+-----
Axes           | 3 4 5 6 8 9 |  9.0
Fighting       | 4 5 6 7 |  7.2
Dodging        | 2 3 4 5 |  5.6
Stealth        | 1 2 3 |  3.2
Shields        | 1 4 |  4.6
Armour         | |  2.4

Action                   |  1- 3 |  4- 6 |  7- 9 | 10-12 || total
-------------------------+-------+-------+-------+-------++-------
Melee: Hand axe          |    87 |   126 |   454 |    21 ||   688
Invok: Berserk           |     1 |     4 |     6 |     1 ||    12
  Use: Scroll            |       |       |    14 |     1 ||    15
       Potion            |       |       |       |     3 ||     3
 Stab: Sleeping          |       |       |     2 |       ||     2
  Eat: Chunk             |     2 |     6 |    11 |       ||    19
       Ration            |       |     1 |     2 |       ||     3
Armor: Animal skin       |    29 |    59 |    17 |       ||   105
       Robe              |       |       |    76 |     7 ||    83
Dodge: Dodged            |    68 |    76 |   311 |    22 ||   477
Block: Buckler           |       |       |   220 |    30 ||   250
       Reflection        |       |       |     1 |       ||     1
